 Dungeon Crawl Stone Soup version 0.27-b1-41-gafb5482f4b (webtiles) character file.

Game seed: 18273525298044740743

68795 unlimited1921 the Protected (level 15, 0/172 HPs)
             Began as a Gnoll Arcane Marksman on July 26, 2021.
             Was an Initiate of Gozag.
             Shot with an arrow by a deep elf knight (14 damage)
             ... on level 2 of the Orcish Mines on July 28, 2021.
             The game lasted 12:43:19 (58617 turns).

unlimited1921 the Protected (GnAM)                 Turns: 58617, Time: 12:43:19

Health: 0/172      AC: 23    Str: 14    XL:     15   Next: 27%
Magic:  16/29      EV:  2    Int: 17    God:    Gozag
Gold:   685        SH:  0    Dex: 12    Spells: 2/34 levels left

rFire    + + +     SeeInvis .   y - +0 longbow (venom)
rCold    . . .     Faith    .   (shield currently unavailable)
rNeg     + + +     Spirit   .   (armour currently unavailable)
rPois    +         Reflect  .   (helmet currently unavailable)
rElec    .         Harm     .   (cloak currently unavailable)
rCorr    .         Rampage  .   (gloves currently unavailable)
Will     +....     NoTele   +   (boots currently unavailable)
Stlth    ++++......             T - amulet "Ecigozer" {RegenMP rF+++ Int+2 Slay+3}
HPRegen  0.38/turn              F - ring of poison resistance
MPRegen  0.46/turn              N - ring of protection from fire

@: tree-form, corroded, very slightly contaminated, studying Armour, invisible
A: stationary, stasis, torment immunity, boosted hp, (fangs 1), strong nose,
distributed training
a: Renounce Religion, Potion Petition, Call Merchant, Bribe Branch


You were on level 2 of the Orcish Mines.
You worshipped Gozag.
Gozag was pleased with you.
You were a tree.
You visited 7 branches of the dungeon, and saw 22 of its levels.

You collected 5643 gold pieces.
You spent 3290 gold pieces at shops.
You paid 1668 gold pieces to Gozag.

Inventory:

Hand Weapons
 a - a +0 hand crossbow of freezing
 u - a +5 vorpal flail
 v - a +0 arbalest of flaming
 y - a +0 longbow of venom (weapon)
Missiles
 b - 2 throwing nets
 c - 67 bolts
 w - 5 curare-tipped darts
 E - 5 atropa-tipped darts
 P - 262 arrows (quivered ammo)
Armour
 e - a +2 pair of boots of flying (melded)
 n - the +0 helmet of Decaying Joy (melded) {*Corrode rElec Str+3}
   (You found it on level 11 of the Dungeon)

   Str:       It affects your strength (+3).
   rElec:     It insulates you from electricity.
   *Corrode:  It may corrode you when you take damage.
 q - a +0 cloak (melded)
 s - a +4 scale mail of fire resistance (melded)
 x - a scarf of invisibility
 G - a +0 pair of gloves (melded)
Jewellery
 g - an amulet of the acrobat
 B - the amulet of Vitality {Regen+ HP+15}
   (You found it on level 8 of the Dungeon)

   [amulet of regeneration]

   HP:        It affects your health (+15).
   Regen:     It increases your rate of health regeneration.
 C - a +6 ring of strength
 D - a ring of protection from cold
 F - a ring of poison resistance (left branch)
 N - a ring of protection from fire (right branch)
 R - a ring of positive energy
 T - the amulet "Ecigozer" (around neck) {RegenMP rF+++ Int+2 Slay+3}
   (You acquired it on level 1 of the Snake Pit)

   [amulet of magic regeneration]

   It increases your rate of magic regeneration.
   Int:       It affects your intelligence (+2).
   Slay:      It affects your accuracy & damage with ranged weapons and melee
   (+3).
   rF:        It renders you almost immune to fire.
 W - an amulet of reflection
Wands
 d - a wand of mindburst (10)
 j - a wand of charming (4)
 k - a wand of acid (1)
 U - a wand of flame (15)
Scrolls
 f - a scroll of fear
 o - a scroll of teleportation
 p - a scroll of silence
 I - 2 scrolls of blinking
 J - 2 scrolls of torment
 K - 3 scrolls of immolation
 X - 2 scrolls of magic mapping
 Y - a scroll of summoning
 Z - a scroll of fog
Potions
 t - a potion of lignification
 H - 2 potions of haste
 O - a potion of curing
 Q - 6 potions of might
Miscellaneous
 m - a tin of tremorstones (2/2)
 S - a phial of floods (inert) (quivered)
 V - a phial of floods (inert)


   Skills:
 + Level 10.2 Fighting
 + Level 9.9 Short Blades
 + Level 9.9 Long Blades
 + Level 9.9 Axes
 + Level 9.9 Maces & Flails
 + Level 9.9 Polearms
 + Level 9.9 Staves
 + Level 9.9 Slings
 + Level 9.9 Bows
 + Level 10.9 Crossbows
 + Level 9.9 Throwing
 + Level 12.8 Armour
 + Level 10.9 Dodging
 + Level 9.9 Stealth
 + Level 9.9 Shields
 + Level 9.9 Unarmed Combat
 + Level 10.3 Spellcasting
 + Level 8.3 Conjurations
 + Level 10.0 Hexes
 + Level 8.3 Summonings
 + Level 8.3 Necromancy
 + Level 8.3 Translocations
 + Level 8.3 Transmutations
 + Level 8.3 Fire Magic
 + Level 8.3 Ice Magic
 + Level 8.3 Air Magic
 + Level 8.3 Earth Magic
 + Level 8.3 Poison Magic
 + Level 10.7 Invocations
 + Level 9.9 Evocations


You had 2 spell levels left.
You knew the following spells:

 Your Spells              Type           Power      Damage    Failure   Level
a - Corona                Hex            46%        N/A       1%          1
b - Slow                  Hex            42%        N/A       1%          2
c - Inner Flame           Hex/Fire       40%        N/A       1%          3
d - Confusing Touch       Hex            42%        N/A       1%          3
e - Cause Fear            Hex            21%        N/A       1%          4
f - Portal Projectile     Hex/Tloc       80%        N/A       1%          3
g - Animate Armour        Summ/Erth      74%        N/A       2%          4
h - Hailstorm             Conj/Ice       37%        3d9       2%          4
i - Conjure Flame         Conj/Fire      37%        6-21      1%          3
j - Blink                 Tloc           N/A        N/A       1%          2
k - Tukima's Dance        Hex            42%        N/A       1%          3

Your spell library contained the following spells:

 Spells                   Type           Power      Damage    Failure   Level
 Magic Dart               Conj           100%       1d8       1%          1
 Shock                    Conj/Air       100%       1d9       1%          1
 Searing Ray              Conj           74%        3d6       1%          2
 Ignite Poison            Fire/Tmut/Pois 37%        N/A       1%          3
 Swiftness                Air            37%        N/A       1%          3
 Fulminant Prism          Conj/Hex       20%        3d13      1%          4
 Airstrike                Air            18%        N/A       2%          4
 Animate Dead             Necr           18%        N/A       2%          4
 Ice Form                 Ice/Tmut       37%        N/A       2%          4
 Passage of Golubria      Tloc           N/A        N/A       2%          4
 Petrify                  Tmut/Erth      37%        N/A       2%          4
 Sticky Flame             Conj/Fire      37%        2d6       2%          4
 Yara's Violent Unravell  Hex/Tmut       20%        3d9       5%          5
 Blade Hands              Tmut           18%        N/A       8%          5
 Fireball                 Conj/Fire      18%        3d9       8%          5
 Iron Shot                Conj/Erth      18%        9d4       38%         6
 Haunt                    Necr/Summ      18%        N/A       92%         7
 Infestation              Necr           18%        N/A       100%        8


Dungeon Overview and Level Annotations

Branches:
Dungeon (12/15)            Temple (1/1) D:6            Lair (2/6) D:11
 Shoals (1/4) Lair:2        Snake (3/4) Lair:2          Orc (2/2) D:9
    Elf (1/3) Orc:2

Altars:
Ashenzari
Cheibriados
Dithmenos
Elyvilon
Fedhas
Gozag
Hepliaklqana
Kikubaaqudgha
Makhleb
Nemelex Xobeh
Okawaru
Qazlal
Ru
Sif Muna
Trog
Uskayaw
Vehumet
Wu Jian
Xom
Yredelemnul
Zin
The Shining One

Shops:
D:3 (!   D:4 :   D:9 ![([   D:10 :[([   D:11 ??   Orc:2 ::(:

Annotations:
D:8 2 transporters, Gorgoleon's ghost, journeyman HuHu
D:11 1 runed translucent door
Snake:3 Agnes


Innate Abilities, Weirdness & Mutations

You are a tree.
Your roots penetrate the ground, keeping you stationary.
You cannot be teleported.
You are immune to unholy pain and torment.
Your maximum health is greatly increased.
Your equipment is partially melded.
((You have very sharp teeth.))
Your uncanny sense of smell can sniff out nearby items.
Your experience applies equally to all skills.


Message History

* * * LOW HITPOINT WARNING * * *
The deep elf knight shoots an arrow.
The arrow hits you!
* * * LOW HITPOINT WARNING * * *
Casting: Blink (safe; 1% risk of failure)
Confirm with . or Enter, or press ? or * to list all spells.
There's already a cloud here!
Casting: Conjure Flame (safe; 1% risk of failure)
Confirm with . or Enter, or press ? or * to list all spells.
Okay, then.
Aim the phial where?
Press: ? - help, Q - select action, (/) - cycle Shift-Dir - straight line, f - deep elf knight
Aim: a deep elf knight, wielding a +0 shortbow and quivering arrows (purple smoke, fast)
The torrent of water misses the deep elf knight.
The wave splashes down.
The deep elf knight is engulfed in water.
The deep elf knight shoots an arrow.
The arrow hits you.
* * * LOW HITPOINT WARNING * * *
The deep elf knight shoots an arrow.
The arrow misses you.
You fade into invisibility!
You are very lightly contaminated with residual magic.
You are no longer teleporting projectiles to their destination.
The deep elf knight shoots an arrow.
The arrow closely misses you.
The deep elf knight shoots an arrow.
The arrow hits you but does no damage.
The deep elf knight shoots an arrow.
The arrow barely misses you.
The deep elf knight shoots an arrow.
The arrow hits you!
* * * LOW HITPOINT WARNING * * *
You feel better.
The deep elf knight shoots an arrow.
The arrow hits you!
* * * LOW HITPOINT WARNING * * *
Your corrosive artefact corrodes you!
The deep elf knight shoots an arrow.
The arrow closely misses you.
You turn into a tree.
Your +0 cloak melds into your body.
The +0 helmet of Decaying Joy {*Corrode rElec Str+3} melds into your body.
Your +0 pair of gloves melds into your body.
Your +2 pair of boots of flying melds into your body.
Your +4 scale mail of fire resistance melds into your body.
You float gracefully downwards.
You feel less resistant to fire.
Your roots penetrate the ground.
The deep elf knight shoots an arrow.
The arrow hits you!
You die...
Your body crumbles into a pile of gold.

.............§§§§§............#
.).......#.§§§§≈.....#.......##
#)).#......§[§e≈...........##.##
#..)##...>..≈§≈≈...............#
##)####..##..§e............##.##
##[##.##.#.....#.....##.....###
#.[[.[.......................#
##....[)[......#........#...## #
#..[......#..#.#♣...#.#.##.## ##
##.##[...................### #.
##.#......##.......##...## ###
#...#..............###.## ##.#
##..##....#.......###### #...
#..................### ##..#
##...................## #...#
#####...#.....#.###....# ##..#.
#..##......########.#.## #.....


You could see a deep elf knight (fast, waterlogged) and a friendly animated
scale mail (summoned).

Vanquished Creatures
  Gastronok (D:8)
  An orc warlord (Orc:2)
  5 naga warriors
  A salamander tyrant (Snake:1)
  2 boulder beetles
  Harold (D:7)
  3 hydras
  A catoblepas (D:10)
  6 anacondas
  Erica (D:8)
  2 death yaks (D:11)
  4 two-headed ogres
  4 orc high priests (Orc:2)
  4 shock serpents
  3 naga sharpshooters
  2 salamander mystics (Snake:1)
  A sea snake (Lair:2)
  The ghost of Lordarticus the Prestidigitator, a novice SpVM of Hepliaklqana (D:10)
  6 mana vipers (Snake:1)
  5 orc sorcerers (Orc:2)
  7 salamanders
  4 orc knights (Orc:2)
  A deep elf pyromancer (D:12)
  2 cyclopes
  An ugly thing (D:12)
  3 centaur zombies
  Maurice (Orc:2)
  A water nymph (Lair:2)
  22 black mambas
  5 naga magi
  3 cane toads (Lair:1)
  A komodo dragon (Lair:1)
  A rime drake (Lair:2)
  3 trolls
  A hornet (D:10)
  6 slime creatures
  12 blink frogs (Lair:1)
  2 snapping turtles (Lair:2)
  A shadow (D:12)
  15 yaks
  A wyvern (D:9)
  Eustachio (D:5)
  Grum (D:11)
  A basilisk (Lair:2)
  A vampire mosquito (D:11)
  A wraith (D:11)
  5 steam dragons
  Edmund (D:5)
  17 nagas
  2 wargs
  4 water moccasins
  2 ice beasts
  22 orc warriors
  A sky beast (D:5)
  2 black bears (D:4)
  2 necrophages
  6 ogres
  4 centaurs
  A tengu (shapeshifter) (D:12)
  5 wolves (D:11)
  A phantom (D:5)
  2 kobold brigands
  Blork the orc (D:4)
  A gnoll sergeant (D:11)
  10 bullfrogs
  8 scorpions
  A wyvern skeleton (D:7)
  A killer bee (D:7)
  14 wights
  5 howler monkeys
  4 jellies
  2 electric eels (Lair:2)
  2 bullfrog zombies (D:5)
  4 hounds
  4 centaur skeletons
  Crazy Yiuf (D:7)
  2 gnoll shamans
  13 orc priests
  Jessica (D:2)
  Terence (D:1)
  2 iguanas (D:6)
  11 orc wizards
  2 hell rats (D:11)
  3 killer bee zombies
  A howler monkey zombie (D:6)
  20 gnolls
  A river rat (D:11)
  8 adders
  2 white imps (D:7)
  2 ufetubi
  An adder skeleton (D:4)
  A worm (D:2)
  60 orcs
  9 endoplasms
  4 giant cockroaches
  12 goblins
  4 hobgoblins
  7 quokkas
  7 ball pythons
  7 bats
  4 frilled lizards
  11 kobolds
  A quokka skeleton (D:4)
  5 rats
489 creatures vanquished.

Vanquished Creatures (collateral kills)
  An anaconda (Snake:2)
  A death yak (D:11)
  A salamander (Snake:2)
  A scorpion (D:11)
  2 hell rats (D:11)
  A river rat (D:11)
  A rat (D:11)
8 creatures vanquished.

Vanquished Creatures (others)
  4 fungi
  7 plants
11 creatures vanquished.

Grand Total: 508 creatures vanquished

Notes
Turn   | Place    | Note
-------+----------+-------------------------------------------
     0 | D:1      | unlimited1921 the Gnoll Arcane Marksman began the quest for
                  | the Orb.
     0 | D:1      | Reached XP level 1. HP: 17/17 MP: 4/4
   190 | D:1      | Reached XP level 2. HP: 23/23 MP: 3/5
   217 | D:1      | Found a faded altar of an unknown god.
   960 | D:2      | Noticed Terence
  1199 | D:2      | Learned a level 2 spell: Slow
  1272 | D:1      | Killed Terence
  1273 | D:1      | Reached skill level 1 in Invocations
  1273 | D:1      | Reached XP level 3. HP: 28/28 MP: 5/7
  1364 | D:1      | Learned a level 3 spell: Inner Flame
  1673 | D:2      | Reached skill level 1 in Short Blades
  1673 | D:2      | Reached skill level 1 in Long Blades
  1673 | D:2      | Reached skill level 1 in Axes
  1673 | D:2      | Reached skill level 1 in Maces & Flails
  1673 | D:2      | Reached skill level 1 in Polearms
  1673 | D:2      | Reached skill level 1 in Staves
  1673 | D:2      | Reached skill level 1 in Slings
  1673 | D:2      | Reached skill level 1 in Bows
  1673 | D:2      | Reached skill level 1 in Throwing
  1673 | D:2      | Reached skill level 1 in Armour
  1673 | D:2      | Reached skill level 1 in Stealth
  1673 | D:2      | Reached skill level 1 in Shields
  1673 | D:2      | Reached skill level 1 in Unarmed Combat
  1673 | D:2      | Reached skill level 1 in Evocations
  1733 | D:2      | Noticed Jessica
  1808 | D:2      | Killed Jessica
  1809 | D:2      | Reached XP level 4. HP: 34/34 MP: 4/8
  1964 | D:2      | Reached skill level 1 in Conjurations
  1964 | D:2      | Reached skill level 1 in Summonings
  1964 | D:2      | Reached skill level 1 in Necromancy
  1964 | D:2      | Reached skill level 1 in Translocations
  1964 | D:2      | Reached skill level 1 in Transmutations
  1964 | D:2      | Reached skill level 1 in Fire Magic
  1964 | D:2      | Reached skill level 1 in Ice Magic
  1964 | D:2      | Reached skill level 1 in Air Magic
  1964 | D:2      | Reached skill level 1 in Earth Magic
  1964 | D:2      | Reached skill level 1 in Poison Magic
  2445 | D:3      | Found Unugoph's Distillery.
  2447 | D:3      | Found Vutaeggu's Antique Weapon Boutique.
  2624 | D:3      | Bought a potion of heal wounds for 50 gold pieces
  2624 | D:3      | Bought a potion of heal wounds for 50 gold pieces
  2819 | D:2      | Reached XP level 5. HP: 40/40 MP: 1/9
  3696 | D:3      | Bought a potion of invisibility for 80 gold pieces
  3983 | D:3      | Found a faded altar of an unknown god.
  3983 | D:3      | Found an opulent altar of Gozag.
  3990 | D:3      | Found an ornate altar of the Wu Jian Council.
  3992 | D:3      | Found a shimmering blue altar of Sif Muna.
  3994 | D:3      | Found an iron altar of Okawaru.
  4105 | D:4      | Found Goiw Zae's Book Boutique.
  4275 | D:4      | Reached XP level 6. HP: 35/47 MP: 9/11
  4407 | D:4      | Reached skill level 5 in Crossbows
  4407 | D:4      | Reached skill level 2 in Armour
  4407 | D:4      | Reached skill level 5 in Dodging
  4648 | D:5      | Entered Level 5 of the Dungeon
  4722 | D:5      | Reached XP level 7. HP: 52/52 MP: 9/12
  5403 | D:3      | Became a worshipper of Gozag Ym Sagoz the Greedy
  6413 | D:4      | Noticed Blork the orc
  6417 | D:4      | Killed Blork the orc
  6418 | D:4      | Reached XP level 8. HP: 52/60 MP: 10/14
  6507 | D:4      | Identified 2 scrolls of acquirement
  6742 | D:3      | Bought 2 potions of lignification for 60 gold pieces
  6742 | D:3      | Bought a potion of curing for 30 gold pieces
  6742 | D:3      | Acquired Kaecviybb's Tome of Hurtful Execration
  6752 | D:3      | Learned a level 3 spell: Confusing Touch
  7066 | D:5      | Noticed Edmund
  7083 | D:5      | Killed Edmund
  7084 | D:5      | Reached skill level 3 in Armour
  8387 | D:5      | HP: 3/61 [cloud of flame (26)]
  9485 | D:5      | Found a hazy altar of Hepliaklqana.
  9567 | D:6      | Noticed Eustachio
  9602 | D:5      | Killed Eustachio
  9748 | D:5      | Reached XP level 9. HP: 62/66 MP: 14/16
 10086 | D:6      | Reached skill level 4 in Armour
 10086 | D:6      | Reached skill level 5 in Spellcasting
 10145 | D:6      | Learned a level 4 spell: Cause Fear
 10164 | D:6      | Noticed a boulder beetle
 10167 | D:6      | Reached skill level 5 in Fighting
 10311 | D:6      | Killed a boulder beetle
 10312 | D:6      | Reached skill level 5 in Invocations
 10761 | D:6      | Acquired a +6 ring of strength
 10972 | D:6      | Noticed a cyclops
 11729 | D:6      | Killed a cyclops
 11730 | D:6      | Reached skill level 5 in Armour
 11730 | D:6      | Reached XP level 10. HP: 46/75 MP: 16/18
 12301 | D:6      | Found a staircase to the Ecumenical Temple.
 12512 | Temple   | Entered the Ecumenical Temple
 13036 | D:3      | Bought a potion of haste for 100 gold pieces
 13036 | D:3      | Bought 2 potions of curing for 60 gold pieces
 13036 | D:3      | Bought 2 potions of might for 80 gold pieces
 13036 | D:3      | Bought a potion of curing for 30 gold pieces
 13718 | D:7      | Reached skill level 5 in Short Blades
 13718 | D:7      | Reached skill level 5 in Long Blades
 13718 | D:7      | Reached skill level 5 in Axes
 13718 | D:7      | Reached skill level 5 in Maces & Flails
 13718 | D:7      | Reached skill level 5 in Polearms
 13718 | D:7      | Reached skill level 5 in Staves
 13718 | D:7      | Reached skill level 5 in Slings
 13718 | D:7      | Reached skill level 5 in Bows
 13718 | D:7      | Reached skill level 5 in Throwing
 13718 | D:7      | Reached skill level 5 in Stealth
 13718 | D:7      | Reached skill level 5 in Shields
 13718 | D:7      | Reached skill level 5 in Unarmed Combat
 13718 | D:7      | Reached skill level 5 in Evocations
 14548 | D:7      | Found an ancient bone altar of Kikubaaqudgha.
 14818 | D:7      | Learned a level 3 spell: Portal Projectile
 15638 | D:7      | Acquired a +0 hat of stealth
 15773 | D:7      | Found a runed translucent door.
 15774 | D:7      | Noticed Crazy Yiuf
 15830 | D:7      | Killed Crazy Yiuf
 16047 | D:8      | Noticed Gastronok
 16454 | D:8      | Noticed Harold
 16480 | D:7      | Killed Harold
 16481 | D:7      | Reached skill level 6 in Armour
 20917 | D:8      | Noticed Gorgoleon's ghost (journeyman HuHu)
 21800 | D:8      | Found a transporter.
 21800 | D:8      | Found a transporter.
 21862 | D:8      | Found the amulet of Vitality {Regen+ HP+15}
 21931 | D:8      | Killed Gastronok
 21932 | D:8      | Reached skill level 7 in Armour
 21932 | D:8      | Reached skill level 5 in Conjurations
 21932 | D:8      | Reached skill level 5 in Summonings
 21932 | D:8      | Reached skill level 5 in Necromancy
 21932 | D:8      | Reached skill level 5 in Translocations
 21932 | D:8      | Reached skill level 5 in Transmutations
 21932 | D:8      | Reached skill level 5 in Fire Magic
 21932 | D:8      | Reached skill level 5 in Ice Magic
 21932 | D:8      | Reached skill level 5 in Air Magic
 21932 | D:8      | Reached skill level 5 in Earth Magic
 21932 | D:8      | Reached skill level 5 in Poison Magic
 21932 | D:8      | Reached XP level 11. HP: 51/83 MP: 17/21
 23016 | D:8      | Noticed Erica
 23095 | D:8      | Killed Erica
 23809 | D:9      | Noticed a two-headed ogre
 23838 | D:9      | Killed a two-headed ogre
 23983 | D:9      | Found a bloodstained altar of Trog.
 24140 | D:9      | Acquired a ring of poison resistance
 24187 | D:9      | Found Nuofecra's Antique Armour Boutique.
 24726 | D:9      | Found Cyfrus's Distillery.
 24941 | D:9      | Found Duofol's Armour Boutique.
 24978 | D:9      | Found a staircase to the Orcish Mines.
 24987 | D:9      | Found Riloruov's Weapon Shoppe.
 25325 | D:10     | Entered Level 10 of the Dungeon
 25679 | D:10     | Found Kugop's Antique Armour Boutique.
 25680 | D:10     | Found Bighug's Book Shop.
 25681 | D:10     | Found Jamp's Antique Armour Shoppe.
 25681 | D:10     | Found Ecsor's Antique Weapon Emporium.
 26195 | D:10     | Found a runed translucent door.
 26195 | D:10     | Noticed a catoblepas
 26196 | D:10     | Noticed Lordarticus's ghost (novice SpVM)
 26236 | D:10     | Paralysed by a hornet for 1 turns
 26242 | D:10     | Paralysed by a hornet for 1 turns
 26446 | D:10     | Reached skill level 8 in Armour
 26668 | D:10     | Upgraded the game from 0.27-b1-2-g8387495791 to
                  | 0.27-b1-16-g6517624069
 27093 | D:10     | Killed Lordarticus's ghost
 27421 | D:10     | Killed a catoblepas
 27835 | D:11     | Noticed an eight-headed hydra
 27875 | D:10     | Killed an eight-headed hydra
 27876 | D:10     | Reached XP level 12. HP: 80/91 MP: 23/23
 28508 | D:11     | Noticed a two-headed ogre
 28636 | D:11     | Killed a two-headed ogre
 28684 | D:11     | Found a runed translucent door.
 28695 | D:11     | Found a runed translucent door.
 28777 | D:11     | Reached skill level 9 in Armour
 28939 | D:11     | Identified the +0 helmet of Decaying Joy {*Corrode rElec
                  | Str+3}
 29198 | D:11     | Noticed a death yak
 29273 | D:11     | Killed a death yak
 29339 | D:11     | Noticed Grum
 29550 | D:11     | Noticed a death yak
 29555 | D:11     | Noticed a death yak
 29564 | D:11     | Killed Grum
 29577 | D:11     | Killed a death yak
 29799 | D:11     | Killed a death yak
 30093 | D:11     | Found a staircase to the Lair.
 30161 | D:11     | Bought a scroll of identify for 26 gold pieces
 30161 | D:11     | Bought a scroll of blinking for 97 gold pieces
 30161 | D:11     | Bought a scroll of identify for 26 gold pieces
 30451 | D:11     | Found Holef's Magic Scroll Shop.
 30476 | D:11     | Bought a scroll of identify for 30 gold pieces
 30476 | D:11     | Bought a scroll of identify for 30 gold pieces
 30476 | D:11     | Bought a scroll of identify for 30 gold pieces
 30897 | D:12     | Noticed a four-headed hydra
 30900 | D:12     | Noticed a two-headed ogre
 30903 | D:12     | Killed a four-headed hydra
 30907 | D:12     | Killed a two-headed ogre
 31332 | D:12     | Noticed a boulder beetle
 33246 | D:12     | Killed a boulder beetle
 33831 | Lair:1   | Entered Level 1 of the Lair of Beasts
 33966 | D:11     | Reached XP level 13. HP: 65/98 MP: 25/25
 33973 | D:11     | Reached skill level 10 in Armour
 34142 | D:11     | Learned a level 4 spell: Animate Armour
 34147 | D:11     | Learned a level 4 spell: Hailstorm
 36009 | D:11     | Bought a scroll of enchant armour for 112 gold pieces
 36362 | Lair:2   | Found a staircase to the Snake Pit.
 36373 | Snake:1  | Entered Level 1 of the Snake Pit
 36499 | Snake:1  | Noticed a naga warrior
 37669 | Lair:2   | Killed a naga warrior
 38067 | Lair:2   | Found a staircase to the Shoals.
 38172 | Shoals:1 | Entered Level 1 of the Shoals
 38703 | Lair:2   | Upgraded the game from 0.27-b1-16-g6517624069 to
                  | 0.27-b1-23-g44b8eac545
 43958 | Snake:1  | Reached skill level 11 in Armour
 44841 | Snake:1  | Learned a level 3 spell: Conjure Flame
 45201 | Snake:1  | Acquired the amulet "Ecigozer" {RegenMP rF+++ Int+2 Slay+3}
 45465 | Snake:1  | Reached XP level 14. HP: 108/108 MP: 27/27
 45560 | Snake:1  | Reached skill level 10 in Crossbows
 45560 | Snake:1  | Reached skill level 10 in Dodging
 49228 | Snake:2  | Reached skill level 10 in Invocations
 49684 | Snake:1  | HP: 4/109 [salamander tyrant (13)]
 50203 | Snake:1  | Reached skill level 12 in Armour
 52488 | Snake:2  | Reached skill level 10 in Spellcasting
 53453 | Snake:3  | Noticed Agnes
 53663 | D:11     | Bought a scroll of blinking for 112 gold pieces
 53663 | D:11     | Bought a scroll of acquirement for 780 gold pieces
 53728 | D:11     | Bought a scroll of blinking for 97 gold pieces
 53728 | D:11     | Bought a scroll of fear for 45 gold pieces
 53859 | D:9      | Bought a potion of lignification for 45 gold pieces
 53859 | D:9      | Bought a potion of curing for 45 gold pieces
 53859 | D:9      | Bought a potion of haste for 150 gold pieces
 54683 | D:9      | Bought a +4 scale mail of fire resistance for 341 gold
                  | pieces
 55651 | Orc:1    | Entered Level 1 of the Orcish Mines
 55849 | Orc:1    | Reached skill level 10 in Fighting
 56179 | Orc:2    | Entered Level 2 of the Orcish Mines
 56342 | Orc:2    | Found a staircase to the Elven Halls.
 56801 | Orc:2    | Noticed an orc warlord
 56826 | Orc:2    | Killed an orc warlord
 56827 | Orc:2    | Reached XP level 15. HP: 115/115 MP: 11/29
 56995 | Orc:2    | Noticed Maurice
 57007 | Orc:2    | Killed Maurice
 57166 | Orc:2    | Paralysed by an orc sorcerer for 2 turns
 57175 | Orc:2    | Reached skill level 10 in Hexes
 57693 | Orc:2    | Found Jesmor's Book Boutique.
 57693 | Orc:2    | Found Depy's Book Boutique.
 57695 | Orc:2    | Found Xyim's Antique Weapon Shoppe.
 57695 | Orc:2    | Found Weiwk's Book Shoppe.
 58426 | Orc:2    | Upgraded the game from 0.27-b1-23-g44b8eac545 to
                  | 0.27-b1-41-gafb5482f4b
 58460 | Orc:2    | Bought the Compendium of Dislocated Transmigration for 364
                  | gold pieces
 58460 | Orc:2    | Bought Great Wizards, Vol. VII for 420 gold pieces
 58469 | Orc:2    | Learned a level 2 spell: Blink
 58473 | Orc:2    | Learned a level 3 spell: Tukima's Dance
 58593 | Elf:1    | Entered Level 1 of the Elven Halls
 58617 | Orc:2    | Shot with an arrow by a deep elf knight

Illustrated notes

Levels and vault maps discovered:
D:1:      nicolae_arrival_washed_ashore, layout_loops_ring,
          ebering_ecumenical_altar_box
D:2:      layout_loops_cross, minmay_heptomino_h4, uniq_jessica, uniq_terence
D:3:      layout_loops_ring, chequers_temple_overflow_minitemple, serial_shops,
          shop, nicolae_shop_stone
D:4:      layout_basic, serial_shops, nicolae_stop_n_shop_1,
          minmay_fractal_squares_diagonal_5, uniq_blork_the_orc
D:5:      layout_basic, nzn_hepliaklqana_mist_gate, uniq_edmund
D:6:      layout_layer_cave, minmay_temple_entry_hall, minmay_manual_mullet,
          uniq_eustachio
D:7:      layout_cave_pools, nicolae_kikubaaqudgha_miasma_corner,
          chequers_hall_statues_y, minmay_increasing_density,
          uniq_crazy_yiuf_cottage
D:8:      layout_basic, gammafunk_ghost_hive, uniq_harold, uniq_gastronok,
          uniq_erica
D:9:      layout_rooms, marbit_many_paths, serial_shops, shop, kennysheep_mini,
          kennysheep_mini_moat, shop
D:10:     layout_roguey, ebering_ghost_inner_flame, enter_bailey_5,
          kb_lookout_dungeons_type, nicolae_wooded_promenade
D:11:     lemuel_insect_pit, layout_rooms, dpeg_lair_monsters, serial_shops,
          shop, uniq_grum
D:12:     layout_irregular_city, kennysheep_generic_room_2
Temple:   regret_index_temple_generic_petals
Lair:1:   layout_gridlike, chequers_serial_rivers_large_a, guppyfry_lair_drakes,
          lemuel_fruit_fields
Lair:2:   layout_cave_pods, minmay_shoals_entry_hut, dummy_snake_entry
Shoals:1: layout_shoals, nicolae_shoals_mertower
Snake:1:  cheibrodos_forgotten_conduit, layout_gridlike, grunt_megastairs_5,
          serial_bayou_shore_b
Snake:2:  layout_misc_corridors, grunt_megastairs_3
Snake:3:  layout_onion_interference, grunt_megastairs_2, uniq_vashnia,
          uniq_aizul, uniq_agnes
Orc:1:    layout_caves
Orc:2:    st_orc_elflike, layout_caves, uniq_maurice
Elf:1:    minmay_elf_arrival_summoners, layout_onion_city,
          hangedman_elven_crosses_minicolossus, lemuel_upstairs_altar

Skill      XL: |  1  2  3  4  5  6  7  8  9 10 11 12 13 14 15 |
---------------+----------------------------------------------+-----
Invocations    | 1 2 3 4 5 6 7 8 9 10 | 10.7
Short Blades   | 1 2 3 4 6 7 8 9 |  9.9
Long Blades    | 1 2 3 4 6 7 8 9 |  9.9
Axes           | 1 2 3 4 6 7 8 9 |  9.9
Maces & Flails | 1 2 3 4 6 7 8 9 |  9.9
Polearms       | 1 2 3 4 6 7 8 9 |  9.9
Staves         | 1 2 3 4 6 7 8 9 |  9.9
Slings         | 1 2 3 4 6 7 8 9 |  9.9
Bows           | 1 2 3 4 6 7 8 9 |  9.9
Throwing       | 1 2 3 4 6 7 8 9 |  9.9
Armour         | 1 2 3 5 7 8 9 11 12 | 12.8
Stealth        | 1 2 3 4 6 7 8 9 |  9.9
Shields        | 1 2 3 4 6 7 8 9 |  9.9
Unarmed Combat | 1 2 3 4 6 7 8 9 |  9.9
Evocations     | 1 2 3 4 6 7 8 9 |  9.9
Spellcasting   | 3 4 5 6 7 8 9 10 | 10.3
Conjurations   | 1 2 3 4 5 6 7 8 |  8.3
Summonings     | 1 2 3 4 5 6 7 8 |  8.3
Necromancy     | 1 2 3 4 5 6 7 8 |  8.3
Translocations | 1 2 3 4 5 6 7 8 |  8.3
Transmutations | 1 2 3 4 5 6 7 8 |  8.3
Fire Magic     | 1 2 3 4 5 6 7 8 |  8.3
Ice Magic      | 1 2 3 4 5 6 7 8 |  8.3
Air Magic      | 1 2 3 4 5 6 7 8 |  8.3
Earth Magic    | 1 2 3 4 5 6 7 8 |  8.3
Poison Magic   | 1 2 3 4 5 6 7 8 |  8.3
Fighting       | 3 4 5 6 7 8 9 10 | 10.2
Crossbows      | 5 6 7 8 9 10 | 10.9
Dodging        | 5 6 7 8 9 10 | 10.9
Hexes          | 6 7 8 9 10 | 10.0

Action                   |  1- 3 |  4- 6 |  7- 9 | 10-12 | 13-15 || total
-------------------------+-------+-------+-------+-------+-------++-------
Melee: Hand crossbow     |       |       |     4 |       |       ||     4
       Bite              |       |       |     1 |     5 |     2 ||     8
       Unarmed           |       |       |       |     6 |       ||     6
       Flail             |       |       |       |    14 |    24 ||    38
       Scimitar          |       |       |       |     8 |       ||     8
       Longbow           |       |       |       |     3 |       ||     3
       Punch             |       |       |       |     1 |     1 ||     2
 Fire: Hand crossbow     |    69 |   136 |   192 |   422 |   588 ||  1407
       Longbow           |       |       |       |    66 |   173 ||   239
       Arbalest          |       |       |       |       |    78 ||    78
Throw: Dart              |       |     5 |     6 |    38 |    16 ||    65
       Boomerang         |       |       |       |    13 |       ||    13
       Throwing net      |       |       |       |     8 |     3 ||    11
 Cast: Corona            |    27 |    47 |    20 |    25 |    12 ||   131
       Slow              |     9 |    22 |    33 |    71 |    13 ||   148
       Inner Flame       |       |     6 |    50 |   145 |   109 ||   310
       Confusing Touch   |       |       |     5 |     2 |       ||     7
       Portal Projectile |       |       |       |     3 |     5 ||     8
       Cause Fear        |       |       |       |    11 |     5 ||    16
       Animate Armour    |       |       |       |       |    44 ||    44
       Hailstorm         |       |       |       |       |    27 ||    27
       Conjure Flame     |       |       |       |       |    58 ||    58
       Tukima's Dance    |       |       |       |       |     3 ||     3
       Blink             |       |       |       |       |     1 ||     1
Invok: Potion Petition   |       |       |       |     1 |       ||     1
       Call Merchant     |       |       |       |     1 |       ||     1
Evoke: Phial of floods   |       |       |       |     1 |     3 ||     4
       Wand              |       |       |       |     2 |    38 ||    40
       Tin of tremorston |       |       |       |       |     1 ||     1
  Use: Potion            |       |     1 |     4 |    15 |    12 ||    32
       Scroll            |       |     2 |     7 |    21 |    12 ||    42
Armor: Robe              |     4 |       |    26 |   104 |   103 ||   237
       Leather armour    |       |    14 |     5 |       |       ||    19
       Skin              |       |       |       |    26 |       ||    26
       Scale mail        |       |       |       |       |    12 ||    12
Dodge: Dodged            |    18 |    69 |    51 |   334 |   403 ||   875
       Rpst.: Scimitar   |       |       |       |     4 |       ||     4
